AoeStats
← yduggal

African Clearing

506875931Analyzed
4v4 RM · 16d ago on Sep 15, 2026· 48m 9s· 8 players
Game mode
Random Map
Map size
Large (8 player)
Population
200
Speed
Normal
Resources
Standard
Victory
Conquest
Starting age
Dark Age
Ending age
Imperial Age
RankedLock teamsTeams togetherTeam positionsShared explorationLock speedFull tech treeHidden civsTurbo modeCheats
Victory
Defeat
🇨🇳 Bulgarians · China
1738
+9
🇫🇮 Malians · Finland
1710
+10
🇯🇵 Chinese · Japan
1554
+16
🇯🇵 Vietnamese · Japan
1550
+16
🇹🇷 Spanish · Türkiye
1617
-15
🇺🇾 Mongols · Uruguay
1582
-13
🇺🇸 Magyars · United States
1558
-12
🇸🇬 Mapuche · Singapore
1514
-11
tim.13
11:01 Loom
12:46 Feudal Age
15:20 Double-Bit Axe
17:38 Castle Age
15:56 Horse Collar
18:42 Wheelbarrow
18:56 Bow Saw
30:19 Gold Mining
34:53 Imperial Age
33:10 Bloodlines
33:01 Husbandry
33:10 Scale Barding Armor
33:39 Forging
34:01 Chain Barding Armor
34:42 Iron Casting
35:42 Gold Shaft Mining
34:58 Stone Mining
36:30 Plate Barding Armor
37:01 Conscription
36:52 Elite Konnik
38:27 Stirrups
40:16 Blast Furnace
40:17 Scale Mail Armor
41:45 Town Watch
43:45 Chain Mail Armor
43:33 Squires
43:18 Gambesons
45:27 Plate Mail Armor
King-Arthur
12:01 Loom
13:46 Feudal Age
15:16 Double-Bit Axe
15:45 Gold Mining
18:30 Castle Age
16:47 Horse Collar
19:03 Scale Mail Armor
19:42 Bow Saw
20:09 Forging
21:52 Squires
24:14 Wheelbarrow
26:41 Heavy Plow
27:26 Chain Mail Armor
28:32 Iron Casting
31:12 Town Watch
31:35 Fletching
32:45 Bodkin Arrow
34:03 Ballistics
37:59 Imperial Age
36:17 Hand Cart
36:23 Arson
38:10 Elite Gbeto
39:40 Plate Mail Armor
41:09 Chemistry
45:05 Coinage
44:40 Farimba
45:11 Conscription
46:03 Scale Barding Armor
JIJINz
2:53 Loom
12:05 Feudal Age
13:18 Double-Bit Axe
16:45 Fletching
20:04 Castle Age
20:14 Padded Archer Armor
20:55 Bodkin Arrow
40:08 Ballistics
39:51 Guard Tower
42:10 Horse Collar
44:24 Heavy Plow
kome
9:31 Loom
11:59 Feudal Age
14:58 Fletching
24:45 Castle Age
23:53 Double-Bit Axe
24:11 Padded Archer Armor
24:49 Crossbowman
26:57 Bodkin Arrow
30:22 Town Watch
32:11 Squires
33:11 Scale Mail Armor
33:33 Horse Collar
35:52 Chain Mail Armor
35:47 Forging
39:33 Arson
43:25 Wheelbarrow
43:17 Heavy Plow
43:28 Bow Saw
47:54 Imperial Age
45:38 Stone Mining
45:38 Gold Mining
47:14 Forging
47:22 Hand Cart
47:56 Town Patrol
48:36 Thumb Ring
48:41 Bracer
49:08 Ballistics
anirone7589
11:16 Loom
13:43 Feudal Age
18:07 Castle Age
26:52 Town Watch
27:24 Forging
38:28 Double-Bit Axe
38:24 Horse Collar
FMG | Sawasha Takohida
12:30 Feudal Age
13:20 Loom
16:32 Castle Age
15:04 Double-Bit Axe
18:58 Fletching
20:46 Horse Collar
24:50 Stone Mining
26:32 Bodkin Arrow
30:17 Gold Mining
32:35 Wheelbarrow
35:42 Hand Cart
37:03 Murder Holes
39:50 Imperial Age
38:28 Ballistics
38:09 Padded Archer Armor
39:12 Gold Shaft Mining
38:50 Husbandry
39:01 Bloodlines
40:53 Bracer
41:55 Chemistry
40:22 Heavy Camel Rider
41:08 Scale Barding Armor
41:51 Leather Archer Armor
41:46 Forging
41:41 Elite Mangudai
42:49 Conscription
41:51 Capped Ram
44:26 Chain Barding Armor
44:41 Iron Casting
46:33 Thumb Ring
Jugband
13:12 Feudal Age
14:26 Loom
18:01 Castle Age
16:13 Double-Bit Axe
16:23 Stone Mining
20:08 Padded Archer Armor
23:44 Town Watch
25:37 Double-Bit Axe
26:42 Bow Saw
31:21 Wheelbarrow
33:42 Hand Cart
35:43 Gold Mining
39:29 Imperial Age
37:32 Scale Barding Armor
37:37 Forging
38:03 Horse Collar
38:47 Bloodlines
38:37 Husbandry
38:59 Chain Barding Armor
39:57 Heavy Plow
39:38 Cavalier
40:54 Plate Barding Armor
41:23 Chemistry
43:28 Leather Archer Armor
43:49 Iron Casting
44:15 Fletching
45:04 Ring Archer Armor
48:53 Blast Furnace
47:49 Bodkin Arrow
48:18 Conscription
yduggal
6:28 Loom
12:41 Feudal Age
13:20 Double-Bit Axe
21:29 Castle Age
19:34 Horse Collar
20:55 Scale Barding Armor
21:44 Bloodlines
21:51 Light Cavalry
30:27 Fletching
32:05 Bow Saw
32:42 Bodkin Arrow
34:38 Padded Archer Armor
38:01 Wheelbarrow
37:41 Husbandry
38:21 Leather Archer Armor
40:46 Ballistics
45:20 Imperial Age
45:52 Thumb Ring
46:04 Bracer
Connection lost

Rejoining the realm…

Still unreachable

The connection could not be restored.

Session expired

The server has moved on; the page needs a fresh start.